 Dungeon Crawl Stone Soup version 0.31.0-32-g396128a36d (webtiles) character file.

Game seed: 5936402466454543377

2 Doomgape the Caller (level 1, -1/13 HPs)
             Began as a Merfolk Summoner on Mar 8, 2024.
             Slain by a jackal (3 damage)
             ... on level 1 of the Dungeon.
             The game lasted 00:00:47 (123 turns).

Doomgape the Caller (Merfolk Summoner)               Turns: 123, Time: 00:00:48

Health: -1/13      AC:  2    Str:  8    XL:     1   Next: 30%
Magic:  1/3        EV: 12    Int: 14    God:
Gold:   3          SH:  0    Dex: 14    Spells: 3/4 levels left

rFire   . . .        (no weapon)
rCold   . . .        (no shield)
rNeg    . . .        a - +0 robe
rPois   .            (no helmet)
rElec   .            (no cloak)
rCorr   .            (no gloves)
SInv    .            (no boots)
Will    .....        (no amulet)
Stlth   ++           (no ring)
HPRegen 0.22/turn    (no ring)
MPRegen 0.08/turn

%: no passive effects
@: no status effects
A: (nimble swimmer 2), mertail
a: no special abilities


You were on level 1 of the Dungeon.
You visited 1 branch of the dungeon, and saw 1 of its levels.

You collected 3 gold pieces.

Inventory:

Armour
 a - a +0 robe (worn)
Potions
 b - a potion of magic
 c - a potion of haste {unknown}


   Skills:
 + Level 2.7 Dodging
 + Level 2.2 Stealth
 + Level 2.0 Spellcasting
 + Level 4.0 Summonings


You had 3 spell levels left.
You knew the following spells:

 Your Spells              Type           Power      Damage    Failure   Level
a - Summon Small Mammal   Summ           48%        N/A       4%          1

Your spell library contained the following spells:

 Spells                   Type           Power      Damage    Failure   Level
 Call Imp                 Summ           24%        N/A       7%          2
 Call Canine Familiar     Summ           12%        N/A       14%         3
 Summon Blazeheart Golem  Fire/Summ      7%         N/A       71%         4
 Summon Lightning Spire   Summ/Air       7%         N/A       71%         4


Dungeon Overview and Level Annotations

Branches:
Dungeon (1/15)

Altars:


Innate Abilities, Weirdness & Mutations

((You are very nimble when in or above water. (Stealth+, EV+, Speed+++)))
Your lower body shifts to a powerful aquatic tail in water.


Message History

You hit the jackal but do no damage. The jackal barely misses you.
You hit the jackal but do no damage. The jackal bites you.
You hit the jackal.
The jackal is moderately wounded.
The jackal bites you but does no damage.
Casting: Summon Small Mammal (safe; 4% risk of failure)
Confirm with . or Enter, or press ? or * to list all spells.
The jackal bites you. x2
The jackal attacks as it pursues you! The jackal barely misses you.
Your quokka bites the jackal.
The jackal bites you.
* * * LOW HITPOINT WARNING * * *
Your quokka bites the jackal but does no damage.
The jackal barely misses you.
You hit the jackal.
You kill the jackal!
Your quokka closely misses the jackal.
Unknown command.
You closely miss the jackal. The jackal closely misses you.
Your quokka closely misses the jackal.
The jackal misses you.
Your quokka closely misses the jackal.
Unknown command.
You hit the jackal but do no damage. The jackal barely misses you.
Your quokka barely misses the jackal.
Unknown command.
You barely miss the jackal. The jackal bites you.
* * * LOW HITPOINT WARNING * * *
Your quokka misses the jackal. The jackal bites you.
* * * LOW HITPOINT WARNING * * *
You barely miss the jackal.
Your quokka bites the jackal.
The jackal barely misses you.
Unknown command.
You hit the jackal but do no damage.
The jackal is lightly wounded.
The jackal barely misses you.
Your quokka barely misses the jackal.
Unknown command.
You hit the jackal but do no damage.
The jackal is lightly wounded.
The jackal barely misses you.
Your quokka barely misses the jackal.
The jackal bites you.
You die...

.....h...###.#####
.....###.........#
... #.###.###.#
...#####.# ...
.......l.# .....
#######..# ..#..#
######..# ..#..#
#rhlg...# >.. .#
#@####(.# ... #
#.# #..# #.# #....
#.# #####.. #.#
... #.# .. #.# #
#.# #.# #######


You could see a jackal (ally target), a hobgoblin, a frilled lizard and a
friendly quokka (summoned).

Vanquished Creatures
  A jackal (D:1)
1 creature vanquished.

Vanquished Creatures (collateral kills)
  A rat (D:1)
1 creature vanquished.

Grand Total: 2 creatures vanquished

Notes
Turn   | Place    | Note
-------+----------+-------------------------------------------
     0 | D:1      | Doomgape the Merfolk Summoner began the quest for the Orb.
     0 | D:1      | Reached XP level 1. HP: 13/13 MP: 3/3
   123 | D:1      | Slain by a jackal

Illustrated notes

Levels and vault maps discovered:
D:1:      eino_arrival_druids_welcome, layout_loops_ring

Action                     || total
---------------------------++-------
  Melee: Unarmed           ||    12
   Cast: Summon Small Mamm ||     7
 Armour: Robe              ||    13
  Dodge: Dodged            ||    12
